 Dungeon Crawl Stone Soup version 0.24-a0-583-g87330a4 (webtiles) character file.

Game seed: 11319406462094272649, levelgen mode: deterministic

181 Charmandara the Slasher (level 5, -2/42 HPs)
             Began as a Barachi Fighter on Aug 29, 2019.
             Slain by Sigmund
             ... wielding a +1 scythe of venom
              (10 damage)
             ... on level 3 of the Dungeon.
             The game lasted 00:06:28 (1974 turns).

Charmandara the Slasher (Barachi Fighter)           Turns: 1974, Time: 00:06:28

Health: -2/42      AC: 11    Str: 17 (19) XL:     5   Next: 61%
Magic:  5/5        EV:  7    Int:  7 (8)  God:
Gold:   113        SH:  9    Dex:  8 (11) Spells: 4/4 levels left

rFire    . . .     SeeInvis .   a - +0 long sword
rCold    + . .     Gourm    +   c - +0 shield
rNeg     . . .     Faith    .   b - +0 scale mail
rPois    .         Spirit   .   d - +0 helmet
rElec    .         Reflect  .   (no cloak)
rCorr    .         Harm     .   g - +0 pair of gloves
MR       .....                  k - +1 pair of boots
Stlth    ..........             v - amulet of the gourmand {Gourm, !d}
HPRegen  0.14/turn              t - ring of protection from cold {rC+, !d}
MPRegen  0.09/turn              (no ring)

@: lethally poisoned (-2 -> -21), hasted, quick
A: +LOS, swims, slowness 1, strong legs 1
a: Hop


You were on level 3 of the Dungeon.
You were hungry.

You visited 1 branch of the dungeon, and saw 3 of its levels.

You collected 113 gold pieces.

Inventory:

Hand Weapons
 a - a +0 long sword (weapon)
Missiles
 i - 16 arrows
 j - 35 bolts
 n - 44 stones
 o - 40 poisoned darts (quivered)
Armour
 b - a +0 scale mail (worn)
 c - a +0 shield (worn)
 d - a +0 helmet (worn)
   (You took it off Robin on level 2 of the Dungeon)
 g - a +0 pair of gloves (worn)
   (You found it on level 1 of the Dungeon)
 k - a +1 pair of boots (worn)
   (You found it on level 1 of the Dungeon)
Jewellery
 e - a cursed ring of teleportation {unknown}
   (You found it on level 3 of the Dungeon)
 t - a ring of protection from cold (left hand) {rC+, !d}
   (You found it on level 2 of the Dungeon)
 v - an amulet of the gourmand (around neck) {Gourm, !d}
   (You found it on level 2 of the Dungeon)
Scrolls
 l - 2 scrolls of amnesia {unknown}
 m - 3 scrolls of teleportation {unknown}
 q - a scroll of fear {unknown}
 u - a scroll of blinking {unknown}
 w - a scroll of remove curse {unknown}
Potions
 h - a potion of haste
 r - a potion of flight
Comestibles
 f - 3 rations
 x - a chunk of flesh {@w0}


   Skills:
 - Level 4.0 Fighting
 * Level 5.8 Long Blades
 - Level 4.0 Armour
 - Level 4.0 Shields


You had 4 spell levels left.
You didn't know any spells.
Your spell library was empty.

Dungeon Overview and Level Annotations

Branches:
Dungeon (3/15)

Altars:
The Shining One

Annotations:
D:3 Sigmund


Innate Abilities, Weirdness & Mutations

Shadows flee at your approach. (+LOS)
You can swim through water.
You cover ground slowly.
You can hop short distances.


Message History

Your shield and scale mail prevent you from hitting something.
You feel sick.
You take 1 damage, and have 29/42 hp.
Unknown command.
Okay, then.
You hit something. Something hits you.
You take 2 damage, and have 27/42 hp.
You slash something!
You feel sick. Something hits you but does no damage.
You are more poisoned.
You take 1 damage, and have 26/42 hp.
You barely miss something.
You feel sick. Something hits you.
You are more poisoned.
You take 3 damage, and have 23/42 hp.
You miss something.
You feel sick.
You take 2 damage, and have 21/42 hp.
Your shield prevents you from hitting something.
You feel sick. Something hits you.
You are more poisoned.
You take 7 damage, and have 14/42 hp.
Unknown command.
You feel better. Something hits you but does no damage.
You are poisoned.
You regained 8 hp, and now have 22/42 hp.
Unknown command.
You hit something.
You feel sick. Something hits you but does no damage.
You are more poisoned.
You take 1 damage, and have 21/42 hp.
Unknown command.
You feel better. Something hits you but does no damage.
You are poisoned.
You regained 7 hp, and now have 28/42 hp.
You aren't carrying any items that you can evoke.
Unknown command.
Okay, then.
Okay, then.
You feel yourself speed up.
You feel sick.
You take 1 damage, and have 27/42 hp.
Unknown command.
Unknown command.
You miss something.
You feel sick. Something hits you but does no damage.
You are more poisoned.
You take 1 damage, and have 26/42 hp.
Unknown command.
You closely miss something.
Unknown command.
Unknown command.
Unknown command.
Unknown command.
You miss something.
You feel sick. Something hits you but does no damage.
You are more poisoned.
Unknown command.
Unknown command.
You hit something.
You feel sick.
You take 2 damage, and have 24/42 hp.
Unknown command.
Unknown command.
You hit something.
You feel sick. Something hits you.
You take 7 damage, and have 17/42 hp.
Unknown command.
Unknown command.
The floor, spattered with blood.
You barely miss something.
You feel sick.
You take 1 damage, and have 16/42 hp.
Unknown command.
Unknown command.
You closely miss something.
You feel sick.
You hear some strange, mumbled words.
A magic dart appears from out of thin air!
The magic dart hits you.
You take 3 damage, and have 13/42 hp.
Unknown command.
Unknown command.
Unknown command.
Okay, then.
It was a potion of degeneration.
There was something very wrong with that liquid.
You feel weakened.
You feel dopey.
You feel clumsy.
* * * LOW HITPOINT WARNING * * *
You feel sick. Something hits you but does no damage.
You are more poisoned.
You take 1 damage, and have 12/42 hp.
Unknown command.
Unknown command.
You hit something but do no damage.
* * * LOW HITPOINT WARNING * * *
You feel sick.
You take 1 damage, and have 11/42 hp.
Unknown command.
You barely miss something.
* * * LOW HITPOINT WARNING * * *
You feel sick.
Sigmund appears from thin air!
Reactivating autopickup.
You take 1 damage, and have 10/42 hp.
You barely miss Sigmund.
* * * LOW HITPOINT WARNING * * *
You feel sick.
Sigmund hits you with a +1 scythe of venom!
You die...

..### ..@. #### #.#. ..#
###... #.# #### .....
##.###..# #...
#######.......# #..
#........####.#
##..###.######.###..###
#.|..@@.# #.#.......
#.......##### #.#.......
..#.###.##########.#.......
#....................
..##########.###)#### #.
#.# #)# #.# #.# #.# #..#
#.# #.# ##..## #.###.#


You could see Sigmund.

Vanquished Creatures
  Jessica (D:3)
  Natasha (D:3)
  An iguana (D:2)
  Robin (D:2)
  4 adders (D:2)
  A dart slug (D:2)
  4 orcs (D:3)
  A giant cockroach (D:1)
  11 goblins
  9 hobgoblins
  7 kobolds
  A ball python (D:2)
  4 bats
  3 frilled lizards (D:2)
  5 rats
54 creatures vanquished.

Notes
Turn   | Place    | Note
-------+----------+-------------------------------------------
     0 | D:1      | Charmandara the Barachi Fighter began the quest for the
                  | Orb.
     0 | D:1      | Reached XP level 1. HP: 18/18 MP: 1/1
   226 | D:1      | Reached XP level 2. HP: 25/25 MP: 2/2
   820 | D:2      | Reached skill level 3 in Long Blades
   891 | D:2      | Reached skill level 4 in Fighting
   891 | D:2      | Reached skill level 4 in Armour
   891 | D:2      | Reached XP level 3. HP: 22/30 MP: 3/3
  1145 | D:2      | Noticed Robin
  1157 | D:2      | Killed Robin
  1157 | D:2      | Reached skill level 4 in Long Blades
  1157 | D:2      | Reached XP level 4. HP: 35/37 MP: 4/4
  1202 | D:2      | Found a glowing golden altar of the Shining One.
  1289 | D:2      | Reached skill level 4 in Shields
  1515 | D:2      | Reached XP level 5. HP: 42/42 MP: 5/5
  1793 | D:3      | Noticed Natasha
  1793 | D:3      | Noticed Jessica
  1805 | D:3      | Killed Jessica
  1805 | D:3      | Reached skill level 5 in Long Blades
  1816 | D:3      | Killed Natasha
  1941 | D:3      | Noticed Sigmund
  1973 | D:3      | HP: 10/42 [poisoned by Sigmund]
  1974 | D:3      | Slain by Sigmund

Levels and vault maps discovered:
D:1:      dpeg_arrival_yet_another_circle, layout_basic, minmay_tetromino_o2
D:2:      layout_basic, tso_metal_star, uniq_robin
D:3:      layout_rooms, lemuel_crystal_altar, first_ration, uniq_natasha,
          uniq_sigmund, uniq_jessica

Skill      XL: |  1  2  3  4  5 |
---------------+----------------+-----
Long Blades    | 3 4 5 |  5.8
Fighting       | 4 |  4.0
Armour         | 4 |  4.0
Shields        | 4 |  4.0

Action                   |  1- 3 |  4- 6 || total
-------------------------+-------+-------++-------
Melee: Long sword        |    59 |   125 ||   184
Throw: Dart              |       |     2 ||     2
  Use: Potion            |     2 |     5 ||     7
       Scroll            |       |     3 ||     3
  Eat: Chunk             |     1 |     3 ||     4
Armor: Scale mail        |    32 |    52 ||    84
Dodge: Dodged            |    12 |    37 ||    49
Block: Shield            |    31 |    59 ||    90
       Rpst.: Long sword |     5 |    12 ||    17

Table legend:
 A = Non-vault XP
 B = Vault XP
 C = Vault XP percentage of total XP
 D = Non-vault monster count
 E = Vault monster count
 F = Vault count percentage of total count
                 A         B        C        D         E       F
            +---------+---------+-------+---------+---------+-------
      Total |     146 |     113 |  43.6 |      39 |      15 |  27.8
            +---------+---------+-------+---------+---------+-------
        D:1 |      11 |       2 |  15.4 |       6 |       1 |  14.3
        D:2 |     117 |      37 |  24.0 |      25 |      12 |  32.4
        D:3 |      18 |      74 |  80.4 |       8 |       2 |  20.0
            +---------+---------+-------+---------+---------+-------

Levels and vault maps discovered:
D:1:      dpeg_arrival_yet_another_circle, layout_basic, minmay_tetromino_o2
D:2:      layout_basic, tso_metal_star, uniq_robin
D:3:      layout_rooms, lemuel_crystal_altar, first_ration, uniq_natasha,
          uniq_sigmund, uniq_jessica

Table legend:
 A = Turns spent in this place as a percentage of turns spent in the entire game.
 B = Non-inter-level travel turns spent in this place as a percentage of non-inter-level travel turns spent in the entire game.
 C = Inter-level travel turns spent in this place as a percentage of turns spent in this place.
 D = Turns resting spent in this place as a percentage of non-inter-level travel turns spent in this place.
 E = Turns spent auto-exploring this place as a percentage of non-inter-level travel turns spent in this place.
 F = Non-inter-level travel turns spent in this place divided by the number of levels of this place that you've seen.
                   A       B       C       D       E      F
               +-------+-------+-------+-------+-------+----------------------
         Total | 100.0 | 100.0 |   4.1 |  10.1 |  63.9 | 631.0
       Dungeon | 100.0 | 100.0 |   4.1 |  10.1 |  63.9 | 631.0
               +-------+-------+-------+-------+-------+----------------------

Table legend:
 A = Kills in this place as a percentage of kills in entire the game.
 B = Kills by you in this place as a percentage of kills by you in the entire game.
 C = Kills by friends in this place as a percentage of kills by friends in the entire game.
 D = Other kills in this place as a percentage of other kills in the entire game.
 E = Experience gained in this place as a percentage of experience gained in the entire game.
 F = Experience gained in this place divided by the number of levels of this place that you have seen.
                   A       B       C       D       E      F
               +-------+-------+-------+-------+-------+----------------------
         Total | 100.0 | 100.0 |   N/A |   N/A | 100.0 |  86.3
       Dungeon | 100.0 | 100.0 |   N/A |   N/A | 100.0 |  86.3
               +-------+-------+-------+-------+-------+----------------------
